 Dungeon Crawl Stone Soup version 0.31-a0-366-ga77b45bd9b (webtiles) character file.

Game seed: 11514239904121652383

3161 AdnanSaban the Basher (level 9, -9/55 HPs)
             Began as a Gargoyle Fighter on July 28, 2023.
             Mangled by a wight
             ... wielding a +3 great sword
              (12 damage)
             ... on level 7 of the Dungeon.
             The game lasted 00:07:20 (6365 turns).

AdnanSaban the Basher (Gargoyle Fighter)            Turns: 6365, Time: 00:07:20

Health: -9/55      AC: 25    Str: 24    XL:     9   Next: 94%
Magic:  0/9        EV:  5    Int:  9    God:
Gold:   321        SH: 14    Dex:  9    Spells: 8/8 levels left

rFire   + . .        u - +2 whip (venom)
rCold   . . .        G - +0 tower shield
rNeg    + . .        v - +0 plate armour
rPois   ∞            j - +0 helmet
rElec   +            f - +0 cloak
rCorr   .            n - +0 pair of gloves
SInv    .            a - +0 pair of boots
Will    .....        t - amulet of guardian spirit Stlth
                     h - ring of protection from fire
HPRegen 0.29/turn    (no ring)
MPRegen 0.11/turn

%: guardian spirit
@: no status effects
A: sickness immunity, AC +6, negative energy resistance 1, electricity
resistance, torment resistance 1, petrification resistance
a: no special abilities


You were on level 7 of the Dungeon.
You visited 2 branches of the dungeon, and saw 9 of its levels.

You collected 321 gold pieces.

Inventory:

Hand Weapons
 u - a +2 whip of venom (weapon)
 D - a +7 heavy flail
Missiles
 r - 6 boomerangs (quivered)
 s - 15 poisoned darts
 w - 2 throwing nets
Armour
 a - a +0 pair of boots (worn)
 c - a +0 buckler
 f - a +0 cloak (worn)
 j - a +0 helmet (worn)
 n - a +0 pair of gloves (worn)
 v - a +0 plate armour (worn)
 G - a +0 tower shield (worn)
Jewellery
 h - a ring of protection from fire (left hand)
 t - an amulet of guardian spirit (around neck)
 y - a ring of protection from fire
Wands
 b - a wand of charming (5)
 J - a wand of flame (19)
Scrolls
 k - a scroll of butterflies {unknown}
 m - a scroll of enchant armour {unknown}
 o - 13 scrolls of identify {unknown}
 p - a scroll of silence {unknown}
 q - 3 scrolls of vulnerability {unknown}
 x - a scroll of blinking {unknown}
 A - a scroll of noise {unknown}
 I - a scroll of enchant weapon {unknown}
 K - 3 scrolls of revelation {unknown}
Potions
 d - 3 potions of might
 e - 2 potions of heal wounds {unknown}
 g - a potion of attraction {unknown}
 i - a potion of resistance {unknown}
 l - 3 potions of invisibility {unknown}
 z - a potion of degeneration {unknown}
 B - a potion of berserk rage {unknown}
 C - a potion of lignification {unknown}
 E - a potion of brilliance {unknown}
 F - 2 potions of curing {unknown}
 H - a potion of magic {unknown}
 L - a potion of ambrosia {unknown}


   Skills:
 + Level 6.2 Fighting
 + Level 8.7 Maces & Flails
 + Level 1.0 Throwing
 + Level 7.3 Armour
 + Level 1.5 Dodging
 + Level 8.1 Shields


You had 8 spell levels left.
You didn't know any spells.
Your spell library contained the following spells:

 Spells                   Type           Power      Damage    Failure   Level
 Apportation              Tloc           0%         N/A       100%        1
 Kiss of Death            Conj/Necr      0%         2d5       100%        1
 Magic Dart               Conj           0%         1d3       100%        1
 Necrotise                Necr           0%         1d4       100%        1
 Shock                    Conj/Air       0%         1d3       100%        1
 Slow                     Hex            0%         N/A       100%        1
 Summon Small Mammal      Summ           0%         N/A       100%        1
 Call Imp                 Summ           0%         N/A       100%        2
 Confusing Touch          Hex            0%         N/A       100%        3
 Mephitic Cloud           Conj/Pois/Air  0%         N/A       100%        3
 Swiftness                Air            0%         N/A       100%        3
 Vampiric Draining        Necr           0%         2d6       100%        3
 Airstrike                Air            0%         2d(0-16)  100%        4
 Dispel Undead            Necr           0%         3d6       100%        4
 Fulminant Prism          Conj/Hex       0%         3d5       100%        4
 Alistair's Intoxication  Tmut/Pois      0%         N/A       100%        5
 Borgnjor's Vile Clutch   Necr/Erth      0%         N/A       100%        5
 Eringya's Noxious Bog    Tmut/Pois      0%         4d6       100%        6
 Monstrous Menagerie      Summ           0%         N/A       100%        7
 Summon Horrible Things   Summ           0%         N/A       100%        8


Dungeon Overview and Level Annotations

Branches:
Dungeon (8/15)             Temple (1/1) D:4
   Lair: D:8-11

Altars:
Ashenzari
Cheibriados
Dithmenos
Elyvilon
Fedhas
Gozag
Hepliaklqana
Kikubaaqudgha
Nemelex Xobeh
Qazlal
Ru
Sif Muna
Trog
Uskayaw
Vehumet
Wu Jian
Xom
Yredelemnul
Zin
The Shining One

Shops:
D:5 [


Innate Abilities, Weirdness & Mutations

You are immune to sickness and miasma.
Your stone body is resilient. (AC +6)
You are immune to poison.
You resist negative energy. (rN+)
You are resistant to electric shocks. (rElec)
You are resistant to unholy torment.
You are immune to petrification.


Message History

You are too injured to fight recklessly!
You are too injured to fight recklessly!
You are too injured to fight recklessly!
You are too injured to fight recklessly!
You are too injured to fight recklessly!
You are too injured to fight recklessly!
You are too injured to fight recklessly!
You are too injured to fight recklessly!
You are too injured to fight recklessly!
You are too injured to fight recklessly!
You are too injured to fight recklessly!
You hit the wight.
The wight is almost destroyed.
You block the wight's attack.
You hit the wight but do no damage.
The wight is almost destroyed.
The wight hits you with a +3 great sword!
* * * LOW HITPOINT WARNING * * *
You completely miss the wight.
The wight is almost destroyed.
You barely miss the wight.
The wight is almost destroyed.
The wight hits you but does no damage.
You hit the wight but do no damage.
The wight is almost destroyed.
The wight hits you with a +3 great sword!!
* * * LOW HITPOINT WARNING * * *
You hit the wight but do no damage.
The wight is almost destroyed.
You block the wight's attack.
You closely miss the wight.
The wight is almost destroyed.
You block the wight's attack.
You hit the wight but do no damage.
The wight is almost destroyed.
You block the wight's attack.
You barely miss the wight.
The wight is almost destroyed.
The wight hits you with a +3 great sword!
You die...

##.......## #.......#
##.)...## #......# #
##.....# ## ########
##.....## .### ##......#
#.......#
...###.......####......)#
....##......#.zz@......##
...............##......#
...........######.....##
#.........## #..####
...##....## ##.#
.####..### ##..## ## ####
##....## ##......##
##........##


You could see 2 wights.

Vanquished Creatures
  Maggie (D:7)
  A steam dragon (D:7)
  Edmund (D:5)
  A water moccasin (D:7)
  An orc warrior (D:6)
  An ice beast (D:6)
  A black bear (D:6)
  3 sky beasts (D:7)
  4 ogres
  A phantom (D:5)
  2 bullfrogs (D:6)
  2 kobold brigands
  3 scorpions
  A wight (D:7)
  6 killer bees (D:7)
  3 howler monkeys (D:7)
  A quasit (D:6)
  2 jellies
  4 hounds
  2 orc priests (D:3)
  3 sleepcaps
  3 iguanas
  An orc wizard (D:8)
  Robin (D:4)
  7 gnolls
  3 adders
  A shadow imp (D:6)
  A white imp (D:7)
  2 ufetubi (D:6)
  2 worms (D:2)
  A dart slug (D:4)
  20 orcs
  10 endoplasms
  4 giant cockroaches
  12 goblins
  7 hobgoblins
  11 jackals
  4 quokkas
  3 ball pythons
  8 bats
  4 frilled lizards
  19 kobolds
  A rat (D:1)
169 creatures vanquished.

Vanquished Creatures (others)
  A shadow imp (D:7)
1 creature vanquished.

Grand Total: 170 creatures vanquished

Notes
Turn   | Place    | Note
-------+----------+-------------------------------------------
     0 | D:1      | AdnanSaban the Gargoyle Fighter began the quest for the
                  | Orb.
     0 | D:1      | Reached XP level 1. HP: 14/14 MP: 1/1
    94 | D:1      | Reached XP level 2. HP: 15/19 MP: 2/2
   649 | D:1      | Reached XP level 3. HP: 22/23 MP: 3/3
   919 | D:2      | Got the Catalogue of the Entourage and Ensorcelling
  1160 | D:2      | Found a sacrificial altar of Ru.
  1678 | D:3      | Reached XP level 4. HP: 29/29 MP: 4/4
  1916 | D:3      | Found a faded altar of an unknown god.
  2243 | D:3      | Reached XP level 5. HP: 22/33 MP: 3/5
  2757 | D:4      | Noticed Robin
  2780 | D:4      | Killed Robin
  2793 | D:4      | Reached skill level 1 in Dodging
  2810 | D:4      | Found a staircase to the Ecumenical Temple.
  2815 | D:4      | Reached XP level 6. HP: 27/38 MP: 6/6
  2941 | Temple   | Entered the Ecumenical Temple
  3184 | D:4      | Found an ornate altar of the Wu Jian Council.
  3266 | D:5      | Entered Level 5 of the Dungeon
  3508 | D:5      | Reached skill level 5 in Maces & Flails
  3508 | D:5      | Reached skill level 5 in Armour
  3508 | D:5      | Reached XP level 7. HP: 43/44 MP: 5/7
  3759 | D:5      | Noticed Edmund
  3795 | D:5      | Killed Edmund
  3796 | D:5      | Reached XP level 8. HP: 32/48 MP: 5/8
  3858 | D:5      | Found Rouleygu's Armour Shoppe.
  3947 | D:5      | Found a glowing silver altar of Zin.
  3948 | D:5      | Found a hide-covered altar of Uskayaw.
  4181 | D:6      | Reached skill level 5 in Fighting
  4680 | D:6      | Reached skill level 5 in Shields
  5033 | D:6      | Reached XP level 9. HP: 49/54 MP: 9/9
  5368 | D:7      | Noticed Maggie
  5390 | D:7      | Killed Maggie
  5850 | D:7      | Reached skill level 1 in Throwing
  6361 | D:7      | HP: 2/55 [wight/+3 great sword (14)]
  6365 | D:7      | Mangled by a wight

Illustrated notes

Levels and vault maps discovered:
D:1:      lemuel_arrival_behind_the_door_small, layout_loops_cross,
          minmay_pentomino_p4
D:2:      layout_basic, basic_altar, minmay_small_reverse_x
D:3:      layout_loops_ring, ebering_ecumenical_altar_box
D:4:      layout_loops_ring, nzn_wu_jian_council_hall, temple_fountains,
          uniq_robin
D:5:      layout_rooms, nicolae_overflow_hidden_temple, serial_shops, shop,
          uniq_edmund
D:6:      layout_loops_corners, serial_demonic, serial_demonic_g,
          serial_demonic_g, serial_demonic_d, serial_demonic_b
D:7:      layout_cave_pods, wad_floor_pattern_untrapped, uniq_maggie
D:8:      layout_basic, grunt_lair_entry_orc_guard_hut, serial_shops,
          nicolae_shop_advertising_works [nicolae_subvault_shop_adworks],
          nicolae_shop_overgrown_old_shop, shop, shop, nicolae_the_louvre
Temple:   minmay_crystal_spiral_temple

Skill      XL: |  1  2  3  4  5  6  7  8  9 |
---------------+----------------------------+-----
Maces & Flails | 3 4 5 6 7 8 |  8.7
Armour         | 4 5 6 7 |  7.3
Fighting       | 4 5 6 |  6.2
Dodging        | 1 |  1.5
Shields        | 4 5 8 |  8.1
Throwing       | 1 |  1.0

Action                     |  1- 3 |  4- 6 |  7- 9 || total
---------------------------+-------+-------+-------++-------
  Melee: Flail             |   139 |    34 |       ||   173
         Whip              |       |   159 |   426 ||   585
  Throw: Boomerang         |       |       |    11 ||    11
 Armour: Scale mail        |   101 |    31 |       ||   132
         Plate armour      |       |   121 |   269 ||   390
  Dodge: Dodged            |    82 |    59 |    95 ||   236
  Block: Buckler           |    22 |    48 |     6 ||    76
         Tower shield      |       |       |   298 ||   298

Table legend: (Time is in decaauts)
 A = Elapsed time spent in this place.
 B = Non-inter-level travel time spent in this place.
 C = Inter-level travel time spent in this place.
 D = Time resting spent in this place.
 E = Time spent auto-exploring this place.
 F = Levels seen in this place.
 G = Mean time per level.
                   A        B        C        D        E       F      G
               +--------+--------+--------+--------+--------+-----+--------+
         Total |   6383 |   6131 |    252 |    116 |   4566 |   9 |  709.2 |
       Dungeon |   6382 |   6130 |    252 |    116 |   4566 |   8 |  797.8 |
        Temple |      1 |      1 |      0 |      0 |      0 |   1 |    1.0 |
               +--------+--------+--------+--------+--------+-----+--------+

Top non-repeatable levels by time:
     D:6: 1176 daAuts
     D:7: 1094 daAuts
     D:2: 979 daAuts
     D:4: 868 daAuts
     D:1: 793 daAuts
     D:3: 739 daAuts
     D:5: 708 daAuts
     D:8: 22 daAuts
  Temple: 1 daAuts
